 Dungeon Sprint DCSS version 0.30-a0-1163-gf69bf04e7a (webtiles) character file.

Game seed: 12047615508316244593

1164 sircluck the Basher (level 8, -1/71 HPs)
             Began as a Human Berserker on Apr 28, 2023.
             Was the Champion of Trog.
             Slain by a blink frog (7 damage)
             ... in the Dungeon (Sprint VII: "The Pits").
             The game lasted 00:02:19 (497 turns).

sircluck the Basher (Human Berserker)                Turns: 497, Time: 00:02:20

Health: -1/71      AC: 13    Str: 20    XL:     8   Next: 67%
Magic:  8/8        EV: 10    Int:  8    God:    Trog [******]
Gold:   0          SH:  0    Dex: 12    Spells: 7/7 levels left

rFire   . . .        o - +3 great mace (flame)
rCold   . . .        (shield currently unavailable)
rNeg    . . .        m - +3 chain mail
rPois   .            (no helmet)
rElec   .            (no cloak)
rCorr   .            (no gloves)
SInv    .            (no boots)
Will    .....        (no amulet) Stlth
                     (no ring)
HPRegen 0.31/turn    (no ring)
MPRegen 0.11/turn

%: no teleportation
@: on berserk cooldown, slowed, very slow
A: no striking features
a: Renounce Religion, Berserk, Trog's Hand, Brothers in Arms


You were in the Dungeon.
You worshipped Trog.
Trog was exalted by your worship.
You visited 1 branch

Inventory:

Hand Weapons
 a - a +0 mace
 l - a +2 mace
 n - a +0 mace of protection
 o - a +3 great mace of flaming (weapon)
Missiles
 k - 10 stones (quivered)
Armour
 b - a +0 animal skin
 m - a +3 chain mail (worn)
Scrolls
 h - a scroll of blinking
 j - a scroll of summoning
Potions
 c - 6 potions of curing
 d - 4 potions of heal wounds
 e - a potion of haste
 f - 4 potions of magic
 g - 3 potions of berserk rage
 i - 2 potions of invisibility


   Skills:
 + Level 9.5 Fighting
 + Level 13.2 Maces & Flails
 + Level 7.1 Armour
 + Level 5.3 Dodging
 + Level 2.2 Stealth


You had 7 spell levels left.
You didn't know any spells.
Your spell library was empty.

Dungeon Overview and Level Annotations

Branches:
Dungeon (1/1)

Altars:
Ashenzari
Cheibriados
Dithmenos
Elyvilon
Fedhas
Gozag
Hepliaklqana
Kikubaaqudgha
Makhleb
Nemelex Xobeh
Okawaru
Qazlal
Ru
Sif Muna
Trog
Uskayaw
Vehumet
Wu Jian
Xom
Yredelemnul
Zin
The Shining One
Jiyva
Lugonu


Message History

You closely miss the rime drake.
The rime drake is heavily wounded.
The rime drake bites you but does no damage. x2
You bludgeon the rime drake!! You burn the rime drake!
You kill the rime drake!
Trog accepts your kill.
The blink frog blinks!
The blink frog hits you but does no damage.
The blink frog hits you!
* * * LOW HITPOINT WARNING * * *
Your Maces & Flails skill increases to level 13!
Your Armour skill increases to level 7!
You hit the blink frog. You burn the blink frog.
The blink frog is lightly wounded.
The blink frog blinks!
The blink frog hits you but does no damage.
You miss the blink frog.
The blink frog is lightly wounded.
The blink frog blinks!
The blink frog hits you but does no damage. x2
The blink frog barely misses you.
The blink frog hits you but does no damage.
You barely miss the blink frog.
The blink frog is lightly wounded.
The blink frog hits you but does no damage.
The blink frog barely misses you. The blink frog closely misses you.
The blink frog blinks!
The blink frog hits you but does no damage.
The blink frog hits you.
* * * LOW HITPOINT WARNING * * *
The blink frog blinks!
You closely miss the blink frog. The blink frog barely misses you.
The blink frog hits you!
* * * LOW HITPOINT WARNING * * *
The blink frog blinks! x2
You feel much better. The blink frog hits you!
* * * LOW HITPOINT WARNING * * *
The blink frog blinks!
The blink frog closely misses you. The blink frog hits you!
You die...

#)#.....#'###...<...#
#)#........##.......#
#)#........##.......#
#'###########.......#
#.......#.. #########
#..###..#.# ###
#.......#.# ...#
##.###.##)#....#
#.......#@FF.§.+
#..###..#§#F...#
#.......'.# ...#
########### ###


You could see 3 blink frogs.

Vanquished Creatures
  A rime drake (D)
  An efreet (D)
  2 blink frogs (D)
  A warg (D)
  A necrophage (D)
  3 orc wizards (D)
  A white imp (D)
  An adder skeleton (D)
  A worm (D)
  6 orcs (D)
  A goblin (D)
  4 hobgoblins (D)
  6 jackals (D)
  A quokka (D)
  A bat (D)
  A frilled lizard (D)
  2 kobolds (D)
  A rat (D)
35 creatures vanquished.

Notes
Turn   | Place    | Note
-------+----------+-------------------------------------------
     0 | D        | sircluck the Human Berserker began the quest for the Orb.
     0 | D        | Reached XP level 1. HP: 18/18 MP: 1/1
    49 | D        | Found a bloodstained altar of Trog.
    49 | D        | Found a shimmering blue altar of Sif Muna.
    49 | D        | Found a viscous altar of Jiyva.
    49 | D        | Found a hazy altar of Hepliaklqana.
    49 | D        | Found an opulent altar of Gozag.
    50 | D        | Found a glowing golden altar of the Shining One.
    50 | D        | Found a glowing silver altar of Zin.
    50 | D        | Found a basalt altar of Yredelemnul.
    50 | D        | Found a shimmering altar of Xom.
    50 | D        | Found an ornate altar of the Wu Jian Council.
    50 | D        | Found a sacrificial altar of Ru.
    50 | D        | Found a stormy altar of Qazlal.
    50 | D        | Found an iron altar of Okawaru.
    50 | D        | Found a sparkling altar of Nemelex Xobeh.
    50 | D        | Found a burning altar of Makhleb.
    50 | D        | Found a blossoming altar of Fedhas.
    50 | D        | Found a white marble altar of Elyvilon.
    50 | D        | Found a shadowy altar of Dithmenos.
    50 | D        | Found a snail-covered altar of Cheibriados.
    52 | D        | Found a radiant altar of Vehumet.
    52 | D        | Found a corrupted altar of Lugonu.
    53 | D        | Found a hide-covered altar of Uskayaw.
    53 | D        | Found an ancient bone altar of Kikubaaqudgha.
    53 | D        | Found a broken altar of Ashenzari.
    77 | D        | Reached ** piety under Trog
   112 | D        | Reached XP level 2. HP: 25/25 MP: 2/2
   112 | D        | Reached *** piety under Trog
   120 | D        | Reached skill level 4 in Maces & Flails
   121 | D        | Reached **** piety under Trog
   223 | D        | Noticed a warg
   224 | D        | Noticed a necrophage
   236 | D        | Killed a warg
   237 | D        | Reached skill level 7 in Maces & Flails
   237 | D        | Reached skill level 1 in Stealth
   237 | D        | Reached XP level 3. HP: 33/35 MP: 3/3
   237 | D        | Reached XP level 4. HP: 39/41 MP: 4/4
   237 | D        | Reached XP level 5. HP: 45/47 MP: 5/5
   245 | D        | Reached skill level 8 in Maces & Flails
   245 | D        | Reached XP level 6. HP: 51/55 MP: 6/6
   249 | D        | Reached ***** piety under Trog
   271 | D        | Received a gift from Trog
   272 | D        | Reached skill level 9 in Maces & Flails
   382 | D        | Received a gift from Trog
   386 | D        | Noticed an efreet
   390 | D        | Killed an efreet
   391 | D        | Reached skill level 11 in Maces & Flails
   391 | D        | Reached skill level 5 in Armour
   391 | D        | Reached skill level 5 in Dodging
   391 | D        | Reached XP level 7. HP: 63/63 MP: 7/7
   466 | D        | Noticed a rime drake
   466 | D        | Noticed a blink frog
   466 | D        | Noticed a blink frog
   466 | D        | Noticed a blink frog
   466 | D        | Noticed a blink frog
   466 | D        | Noticed a blink frog
   475 | D        | Killed a blink frog
   476 | D        | Reached skill level 12 in Maces & Flails
   476 | D        | Reached XP level 8. HP: 41/71 MP: 8/8
   482 | D        | Killed a blink frog
   482 | D        | Reached ****** piety under Trog
   482 | D        | Received a gift from Trog
   492 | D        | Killed a rime drake
   493 | D        | Reached skill level 13 in Maces & Flails
   497 | D        | Slain by a blink frog

Illustrated notes

Levels and vault maps discovered:
D:        pitsprint [storerooms_1, entrance_room_1, metal_vault_5, armoury_1,
          mini_pit_1, grid_room_1, main_hall_1, silver_pit, the_coven_1,
          the_vestibule_1, steel_vault_2, golden_pit, hallway_of_sentries,
          crystal_vault_4, iron_vault_4, final_vault]

Skill      XL: |  1  2  3  4  5  6  7  8 |
---------------+-------------------------+-----
Fighting       | 4 6 7 8 9 |  9.5
Maces & Flails | 7 8 11 12 13 | 13.2
Dodging        | 3 4 5 |  5.3
Stealth        | 1 2 |  2.2
Armour         | 3 5 7 |  7.1

Action                     |  1- 3 |  4- 6 |  7- 9 || total
---------------------------+-------+-------+-------++-------
  Melee: Mace              |    27 |    57 |       ||    84
         Great mace        |       |     3 |    42 ||    45
 Invoke: Berserk           |     2 |     1 |     1 ||     4
    Use: Potion            |       |       |     2 ||     2
   Stab: Sleeping          |     1 |       |       ||     1
 Armour: Animal skin       |     4 |       |       ||     4
         Chain mail        |     2 |    30 |    26 ||    58
  Dodge: Dodged            |    12 |    18 |    23 ||    53

Table legend: (Time is in decaauts)
 A = Elapsed time spent in this place.
 B = Non-inter-level travel time spent in this place.
 C = Inter-level travel time spent in this place.
 D = Time resting spent in this place.
 E = Time spent auto-exploring this place.
 F = Levels seen in this place.
 G = Mean time per level.
                   A        B        C        D        E       F      G
               +--------+--------+--------+--------+--------+-----+--------+
         Total |    530 |    514 |     16 |     67 |    159 |   1 |  530.0 |
       Dungeon |    530 |    514 |     16 |     67 |    159 |   1 |  530.0 |
               +--------+--------+--------+--------+--------+-----+--------+

Top non-repeatable levels by time:
       D: 530 daAuts
